 Dungeon Crawl Stone Soup version 0.28-a0-938-gbc3f381ebc (webtiles) character file.

Game seed: 16116073017309567195

21 croobank the Ducker (level 2, -5/14 HPs)
             Began as a Felid Monk on Nov 29, 2021.
             Was a Believer of Qazlal.
             Slain by a kobold (14 damage)
             ... on level 2 of the Dungeon.
             The game lasted 00:05:30 (2010 turns).

croobank the Ducker (Felid Monk)                    Turns: 2010, Time: 00:05:31

Health: -5/14      AC:  1    Str:  7    XL:     2   Next: 65%
Magic:  3/3        EV: 19    Int: 11    God:    Qazlal [**....]
Gold:   92         SH:  3    Dex: 18    Spells: 0/1 levels left
                                        Lives:  0   Deaths: 0

rFire   . . .      SeeInvis +     - Unarmed
rCold   . . .      Faith    .   (shield unavailable)
rNeg    . . .      Spirit   .   (armour unavailable)
rPois   .          Reflect  .   (helmet unavailable)
rElec   .          Harm     .   (cloak unavailable)
rCorr   .          Rampage  .   (gloves unavailable)
Will    .....                   (boots unavailable)
Stlth   ++........              (no amulet)
HPRegen 0.04/turn               a - ring of flight
MPRegen 0.08/turn               (no ring)

@: flying, quick
A: very small, claws 1, fangs 3, see invisible, speed 1, shaggy fur 1, stealthy
paws, no weapons or thrown items, no armour, multi-lived
a: Renounce Religion, Upheaval


You were on level 2 of the Dungeon.
You worshipped Qazlal.
Qazlal was pleased with you.
You visited 1 branch of the dungeon, and saw 2 of its levels.

You collected 92 gold pieces.

Inventory:

Missiles
 f - 23 stones
Jewellery
 a - a ring of flight (left paw)
Scrolls
 b - 2 scrolls of teleportation
 d - 2 scrolls of holy word
Potions
 c - 3 potions of attraction
 e - a potion of mutation


   Skills:
 + Level 3.1 Fighting
 + Level 4.6 Dodging
 + Level 2.9 Stealth
 + Level 3.4 Unarmed Combat


You couldn't memorise any spells.
You knew the following spells:

 Your Spells              Type           Power      Damage    Failure   Level
a - Freeze                Ice            0%         1d3       34%         1

Your spell library contained the following spells:

 Spells                   Type           Power      Damage    Failure   Level
 Frozen Ramparts          Ice            0%         1d2       71%         3
 Hailstorm                Conj/Ice       0%         3d3       98%         4


Dungeon Overview and Level Annotations

Branches:
Dungeon (2/15)

Altars:
Qazlal


Innate Abilities, Weirdness & Mutations

You have sharp claws.
You have razor-sharp teeth.
You have supernaturally acute eyesight. (SInv)
You cover ground quickly. (Speed+)
You are covered in fur. (AC +1)
Your paws help you pounce on unaware monsters.
You are incapable of wielding weapons or throwing items.
You cannot wear armour.
You gain extra lives every three experience levels.


Message History

It is a scroll of identify.
c - 3 potions of attraction
As you read the scroll of identify, it crumbles to dust.
b - 2 scrolls of teleportation You see here a +0 club.
A ball python comes into view.
You pounce on the unaware helpless ball python!
You mangle the ball python!!
You kill the ball python!
Found a stone staircase leading up.
a - a scroll of identify
As you read the scroll of identify, it crumbles to dust.
e - a potion of mutation
There is a fountain of clear blue water here.
Found a faded altar of an unknown god.
There is a faded altar of an unknown god here.
You cannot tell which god this altar belongs to.
Convert to them anyway?
Qazlal accepts your prayer! Qazlal welcomes you!
You are now surrounded by a storm.
You can now call upon nature to destroy your foes.
Qazlal grants you and your divine allies immunity to clouds.
There is a fountain of clear blue water here.
a - a ring of flight
Found a robe.
You fly up into the air.
a - a ring of flight (left paw)
Found a plate armour.
A kobold comes into view.
It is wielding a +1 whip of electrocution.
The kobold throws a stone.
The stone closely misses you.
The kobold throws a stone.
You block the stone.
You scratch the kobold.
The kobold is moderately wounded.
The kobold misses you.
You barely miss the kobold.
The kobold is moderately wounded.
The kobold hits you with a +1 whip of electrocution.
You are electrocuted!
Ouch! That really hurt!
You die...

#.# #.# #.#
#.#####.###.#
#...........#
###.....###.#
#.##### #.#
#.#
#.########
#### #.#
#.........
.... #####.##
##..#########
### .......#
#....@K......
.####.##
#.#.########.
.# ### #.#.#
.#### .#
#.#.# .....
## #.#..
.#### #.###
#. #.# #.#
###### # #.#
#.....


You could see a kobold.

Vanquished Creatures
  5 ball pythons
  3 endoplasms (D:1)
  A giant cockroach (D:1)
  A goblin (D:2)
  2 hobgoblins (D:1)
  A quokka (D:1)
  3 frilled lizards (D:1)
  2 kobolds
  2 rats (D:1)
20 creatures vanquished.

Notes
Turn   | Place    | Note
-------+----------+-------------------------------------------
     0 | D:1      | croobank the Felid Monk began the quest for the Orb.
     0 | D:1      | Reached XP level 1. HP: 10/10 MP: 2/2
   511 | D:1      | Reached XP level 2. HP: 9/14 MP: 3/3
  1737 | D:2      | Learned a level 1 spell: Freeze
  1856 | D:2      | Found a faded altar of an unknown god.
  1860 | D:2      | Prayed at the altar of an unknown god.
  1860 | D:2      | Became a worshipper of Qazlal Stormbringer
  1860 | D:2      | Reached * piety under Qazlal
  1860 | D:2      | Reached ** piety under Qazlal
  2010 | D:2      | Slain by a kobold

Illustrated notes

Levels and vault maps discovered:
D:1:      tarquinn_simple_flora_water_f, layout_loops_corners, dk_noncrumbling_4
D:2:      layout_loops_ring, shapermc_ecumenical_altar_acropolis,
          minmay_crystal_room, bh_walls_and_bars

Action                   || total
-------------------------++-------
Melee: Unarmed           ||    47
       Bite              ||     1
  Use: Scroll            ||     4
 Stab: Sleeping          ||     3
Armor: Skin              ||     6
Dodge: Dodged            ||    18
Block: Other             ||     1

Table legend: (Time is in decaauts)
 A = Elapsed time spent in this place.
 B = Non-inter-level travel time spent in this place.
 C = Inter-level travel time spent in this place.
 D = Time resting spent in this place.
 E = Time spent auto-exploring this place.
 F = Levels seen in this place.
 G = Mean time per level.
                   A        B        C        D        E       F      G
               +--------+--------+--------+--------+--------+-----+--------+
         Total |   1786 |   1774 |     12 |    613 |    955 |   2 |  893.0 |
       Dungeon |   1786 |   1774 |     12 |    613 |    955 |   2 |  893.0 |
               +--------+--------+--------+--------+--------+-----+--------+

Top non-repeatable levels by time:
     D:1: 1454 daAuts
     D:2: 331 daAuts
